 Dungeon Crawl Stone Soup version 0.21-a0-94-gdd6ab6a (webtiles) character file.

121 Banto the Charmwright (level 4, -6/33 HPs)
             Began as a Demonspawn Skald on July 3, 2017.
             Mangled by an ogre
             ... wielding a +0 giant spiked club
              (22 damage)
             ... on level 4 of the Dungeon.
             The game lasted 00:03:28 (2746 turns).

Banto the Charmwright (Demonspawn Skald)            Turns: 2746, Time: 00:03:29

Health: -6/33      AC:  3    Str: 11    XL:     4   Next: 77%
Magic:  16/16      EV: 12    Int: 15    God:
Gold:   101        SH:  0    Dex: 13    Spells: 6/7 levels left

rFire    . . .     SeeInvis .   a - +3 whip (drain)
rCold    + . .     Gourm    .   (no shield)
rNeg     . . .     Faith    .   b - +0 leather armour
rPois    .         Spirit   .   (helmet restricted)
rElec    .         Reflect  .   (no cloak)
rCorr    .         Harm     .   (no gloves)
MR       .....                  (no boots)
Stlth    +.........             (no amulet)
HPRegen  0.11/turn              m - ring of protection from cold
MPRegen  0.15/turn              s - ring of magical power

@: no status effects
A: horns 1, talons 1, demonic guardian 1
a: no special abilities


You were on level 4 of the Dungeon.
You were not hungry.

You visited 1 branch of the dungeon, and saw 4 of its levels.

You collected 101 gold pieces.

Inventory:

Hand Weapons
 a - a +3 whip of draining (weapon)
Missiles
 u - a throwing net (quivered)
Armour
 b - a +0 leather armour (worn)
Jewellery
 m - a ring of protection from cold (left hand)
 s - a ring of magical power (right hand)
Wands
 j - a wand of lightning (8/15)
Scrolls
 h - a scroll of fog {unknown}
 i - a scroll of recharging
 k - 3 scrolls of teleportation
 n - a scroll of remove curse
Potions
 e - a potion of heal wounds
 f - a potion of brilliance {unknown}
 l - a potion of ambrosia
 q - a potion of magic
 r - 2 potions of cancellation
 t - a potion of flight
 v - a potion of agility {unknown}
Books
 c - a book of Battle

   Spells                             Type                      Level
   a - Infusion                       Charms                       1
   b - Shroud of Golubria             Charms/Translocation         2
   c - Song of Slaying                Charms                       2
   d - Spectral Weapon                Hexes/Charms                 3
   e - Regeneration                   Charms/Necromancy            3
Comestibles
 d - 4 bread rations
 g - a fruit
 o - a chunk of flesh
 p - a royal jelly
 w - a meat ration


   Skills:
 - Level 2.0 Fighting
   Level 2.2 Polearms
 - Level 0.8 Armour
 - Level 1.7 Dodging
 + Level 2.4 Unarmed Combat
 - Level 2.0 Spellcasting
 + Level 3.9 Charms


You had 6 spell levels left.
You knew the following spells:

 Your Spells              Type           Power        Failure   Level  Hunger
a - Infusion              Chrm           ##..         5%          1    #......


Dungeon Overview and Level Annotations

Branches:
Dungeon (4/15)
 Temple: D:4-7

Altars:
Dithmenos


Innate Abilities, Weirdness & Mutations

You have a pair of small horns on your head.
You have sharp toenails.
A weak demonic guardian rushes to your aid.


Message History

Evoke which item? (* to show all) (? for menu, Esc to quit)
Aiming: Lightning Bolt (will waste charges)
Press: ? - help, Shift-Dir - straight line You can't see that place. [a rock wall.]
Okay, then.
Evoke which item? (* to show all) (? for menu, Esc to quit)
Okay, then.
Evoke which item? (* to show all) (? for menu, Esc to quit)
Aiming: Lightning Bolt (will waste charges)
Press: ? - help, Shift-Dir - straight line You hear a mighty clap of thunder!
The bolt of lightning hits the ogre.
The ogre is severely wounded.
The bolt of lightning misses the ogre.
Evoking this partially-identified wand wasted a few charges.
You hear a shout!
You hear an angry hiss.
The ogre hits you with a giant spiked club!!
Ouch! That really hurt!
You die...

#.... #####....
......... ........#
........+ #.#####
........###.#
#.....#
####<....########.#
+...#######..O..#O#
###.###.....@##.#.#
+.....'....>.##...#
###.§.#......######
#.#§#......#
##§§§#.....#
#.#§#....#
§§§§§....#
#.#§###+## §§§


You could see an ogre.

Vanquished Creatures
  Jessica (D:3)
  An adder (D:2)
  A worm (D:3)
  3 dart slugs
  2 leopard geckos
  2 orcs (D:3)
  6 giant cockroaches
  16 goblins
  10 hobgoblins
  2 jackals (D:2)
  7 kobolds
  A quokka (D:2)
  7 bats
  2 frilled lizards
  6 rats
67 creatures vanquished.

Notes
Turn   | Place    | Note
-------+----------+-------------------------------------------
     0 | D:1      | Banto the Demonspawn Skald began the quest for the Orb.
     0 | D:1      | Reached XP level 1. HP: 16/16 MP: 3/3
   288 | D:1      | Reached skill level 3 in Charms
   288 | D:1      | Gained mutation: You have sharp toenails. [demonic ancestry]
   288 | D:1      | Reached XP level 2. HP: 18/22 MP: 0/5
   713 | D:1      | Reached skill level 1 in Unarmed Combat
   899 | D:1      | Gained mutation: A weak demonic guardian rushes to your aid. [demonic ancestry]
   899 | D:1      | Reached XP level 3. HP: 21/27 MP: 6/6
  1526 | D:2      | Gained mutation: You have a pair of small horns on your head. [demonic ancestry]
  1526 | D:2      | Reached XP level 4. HP: 24/33 MP: 7/7
  2237 | D:3      | Noticed Jessica
  2241 | D:3      | Killed Jessica
  2716 | D:4      | Found a shadowy altar of Dithmenos.
  2732 | D:4      | Noticed an ogre
  2746 | D:4      | Mangled by an ogre

Vault maps used:
D:1:      evilmike_arrival_plus
D:2:      hangedman_glass_teeth, hangedman_decor_clover_reticule,
          minmay_misc_feat_tiny, kennysheep_boxes
D:3:      uniq_jessica
D:4:      nicolae_overflow_crystal_walls, grunt_dithmenos_smoke_and_mirrors,
          temple_fountains, first_bread, serial_shops, shop

Skill      XL: |  1  2  3  4 |
---------------+-------------+-----
Polearms       | 2 |  2.2
Charms         | 3 |  3.9
Unarmed Combat | 1 2 |  2.4
Fighting       | |  2.0
Armour         | |  0.8
Dodging        | |  1.7
Spellcasting   | |  2.0

Action                   |  1- 3 |  4- 6 || total
-------------------------+-------+-------++-------
Melee: Spear             |    31 |       ||    31
       Whip              |    81 |    37 ||   118
       Kick              |    18 |     7 ||    25
       Unarmed           |     4 |       ||     4
       Headbutt          |       |     2 ||     2
 Cast: Infusion          |     3 |       ||     3
Evoke: Wand              |       |     1 ||     1
  Use: Scroll            |     8 |     2 ||    10
  Eat: Chunk             |     2 |     4 ||     6
Armor: Leather armour    |    24 |     8 ||    32
Dodge: Dodged            |    76 |    16 ||    92

Table legend:
 A = Turns spent in this place as a percentage of turns spent in the entire game.
 B = Non-inter-level travel turns spent in this place as a percentage of non-inter-level travel turns spent in the entire game.
 C = Inter-level travel turns spent in this place as a percentage of turns spent in this place.
 D = Turns resting spent in this place as a percentage of non-inter-level travel turns spent in this place.
 E = Turns spent auto-exploring this place as a percentage of non-inter-level travel turns spent in this place.
 F = Non-inter-level travel turns spent in this place divided by the number of levels of this place that you've seen.
                   A       B       C       D       E      F
               +-------+-------+-------+-------+-------+----------------------
         Total | 100.0 | 100.0 |   0.4 |   2.1 |  16.0 | 187.5
       Dungeon | 100.0 | 100.0 |   0.4 |   2.1 |  16.0 | 187.5
               +-------+-------+-------+-------+-------+----------------------

Table legend:
 A = Kills in this place as a percentage of kills in entire the game.
 B = Kills by you in this place as a percentage of kills by you in the entire game.
 C = Kills by friends in this place as a percentage of kills by friends in the entire game.
 D = Other kills in this place as a percentage of other kills in the entire game.
 E = Experience gained in this place as a percentage of experience gained in the entire game.
 F = Experience gained in this place divided by the number of levels of this place that you have seen.
                   A       B       C       D       E      F
               +-------+-------+-------+-------+-------+----------------------
         Total | 100.0 | 100.0 |  -nan |  -nan | 100.0 |  43.5
       Dungeon | 100.0 | 100.0 |  -nan |  -nan | 100.0 |  43.5
               +-------+-------+-------+-------+-------+----------------------
